Monsters vs Rampage

Created - Monday, February 22, 2016 at 03:06

Goals
1 2 3 T
Monsters 1 0 0 1
Rampage 7 1 0 8
Shots
1 2 3 T
Monsters 11 1 11 23
Rampage 10 15 4 29

1st period

1. Rampage , Connor Brickley 3 (Andrew Cherniwchan, Benn Ferriero) at 1:01
2. Rampage , Liam O'Brien 15 (Bryan Rust, Viktor Fasth) at 3:58
3. Rampage , Daniel Briere 14 (Liam O'Brien, Christian Thomas) at 5:45
4. Rampage , Bryan Rust 13 (Keaton Ellerby) at 9:34
5. Rampage , Morgan Ellis 1 (Christian Thomas, Liam O'Brien) at 10:24 (PP)
6. Rampage , Christian Thomas 20 (Liam O'Brien, Daniel Briere) at 11:49
7. Rampage , William Nylander 10 (Andrew Cherniwchan) at 15:48
8. Monsters , Steven Pinizzotto 17 (Jordan Weal) at 16:54

Penalties :
Christian Thomas (SAN) for Fighting (Major) at 0:07, Mitch Callahan (LEM) for Fighting (Major) at 0:07, Matt MacKenzie (LEM) for Interference (Minor) at 10:10, Keaton Ellerby (SAN) for Fighting (Major) at 11:54, Mitch Callahan (LEM) for Fighting (Major) at 11:54, Keaton Ellerby (SAN) for instigated a fight (Minor) at 11:54, Keaton Ellerby (SAN) for instigated a fight (10 Minutes Misconduct) at 11:54, Christian Thomas (SAN) for Fighting (Major) at 17:57, Troy Rutkowski (LEM) for Fighting (Major) at 17:57

2nd period

9. Rampage , Connor Brickley 4 (Benn Ferriero, Tomas Kundratek) at 6:11

Penalties :
Christian Thomas (SAN) for Fighting (Major / Game Misconduct) at 5:45, Troy Rutkowski (LEM) for Fighting (Major) at 5:45, Tomas Kundratek (SAN) for Fighting (Major) at 7:23, Quinton Howden (LEM) for Fighting (Major) at 7:23, Dillon Simpson (SAN) for Fighting (Major) at 11:09, Blair Riley (LEM) for Fighting (Major) at 11:09, Keaton Ellerby (SAN) for Fighting (Major) at 12:03, Brandon Montour (LEM) for Fighting (Major) at 12:03, Jordan Weal (LEM) for Hooking (Minor) at 13:25

3rd period

No Goal

Penalties :
Tanner Richard (SAN) for Interference (Minor) at 3:57, FARM PLAYER13 (LEM) for Tripping (Minor) at 14:13

Goalie Stats

FARM GOALIE1 (LEM), 15 saves from 19 shots - (0.789), L, 0-23-0, 43:23 minutes
FARM GOALIE2 (LEM), 6 saves from 10 shots - (0.600), 16:37 minutes
Viktor Fasth (SAN), 22 saves from 23 shots - (0.957), W, 8-4-7, 60:00 minutes

Players Stats for Monsters

Player Name              G  A  P  +/- PIM S  H  SB GA TA FO     MP     PP MP  PK MP  
------------------------------------------------------------------------------------
Blair Riley              0  0  0  -2  5   0  2  0  1  0  0/0    12:04   0:00   1:17 
Brandon Montour          0  0  0  -2  5   0  1  2  0  0  0/0    21:07   1:50   1:31 
Cal O'Reilly             0  0  0  -5  0   3  2  1  2  0  5/11   23:09   2:22   2:07 
Charles Hudon            0  0  0   0  0   0  0  0  0  0  0/0     0:00   0:00   0:00 
Chase Balisy             0  0  0  -2  0   4  0  0  1  1  2/4    13:13   0:00   0:47 
FARM PLAYER13            0  0  0  -2  2   1  1  1  0  0  0/0    23:22   1:17   0:22 
Jake Dowell              0  0  0   0  0   0  0  0  0  0  0/0     0:46   0:00   0:00 
Jeff Hoggan              0  0  0  -1  0   1  1  0  2  3  0/0    16:44   0:00   1:19 
Jordan Weal              0  1  1   0  2   1  1  1  1  0  6/14   21:04   1:36   0:00 
Kris Fredheim            0  0  0  -3  0   1  2  5  0  2  0/0    29:01   1:50   3:30 
Mac Bennett              0  0  0   0  0   0  0  0  0  1  0/0     2:24   0:00   0:01 
Matt MacKenzie           0  0  0  -3  2   0  1  0  0  0  0/0    26:34   2:08   2:40 
Mitch Callahan           0  0  0  -2  10  1  1  0  4  1  0/0     9:27   1:05   0:02 
Quinton Howden           0  0  0   0  5   0  1  0  1  2  0/0    18:39   1:36   0:00 
Scott Timmins            0  0  0  -4  0   5  1  3  2  1  10/13  23:10   2:22   2:30 
Steven Pinizzotto        1  0  1   0  0   4  2  2  3  1  0/0    20:27   1:36   0:00 
Troy Rutkowski           0  0  0  -3  10  0  2  0  0  0  0/0    21:19   2:08   0:42 
Viktor Arvidsson         0  0  0  -1  0   2  1  0  1  1  0/1    13:08   0:00   0:00 

Players Stats for Rampage

Player Name              G  A  P  +/- PIM S  H  SB GA TA FO     MP     PP MP  PK MP  
------------------------------------------------------------------------------------
Andrew Cherniwchan       0  2  2   2  0   2  2  0  1  0  0/0    13:15   0:44   0:38 
Benn Ferriero            0  2  2   1  0   1  0  0  0  0  0/0    18:40   0:00   0:49 
Brett Hextall            0  0  0   0  0   0  0  0  0  0  0/0    13:11   0:29   0:00 
Bryan Rust               1  1  2   2  0   2  3  0  4  0  1/1    20:23   1:56   1:57 
Christian Thomas         1  2  3   2  25  1  0  0  2  1  0/0     7:02   0:14   1:25 
Connor Brickley          2  0  2   2  0   6  1  0  3  0  4/8    19:39   1:33   0:00 
Daniel Briere            1  1  2   3  0   1  0  0  0  1  7/16   17:44   2:09   0:00 
Dillon Simpson           0  0  0   2  5   1  2  0  1  0  0/0    17:59   0:00   3:51 
Keaton Ellerby           0  1  1   1  22  2  2  0  0  0  0/0    15:35   1:05   0:56 
Liam O'Brien             1  3  4   3  0   3  0  0  4  0  0/1    18:37   2:09   0:16 
Matthew Corrente         0  0  0   0  0   0  1  0  0  0  0/0     3:13   0:36   0:06 
Max Friberg              0  0  0   1  0   0  2  0  3  2  2/2    18:16   1:41   2:46 
Morgan Ellis             1  0  1   3  0   3  0  4  0  1  0/0    23:10   2:28   0:06 
Robert Hagg              0  0  0   1  0   2  2  0  0  2  0/0    17:15   0:00   0:00 
Scott Mayfield           0  0  0   3  0   0  0  0  0  1  0/0    22:58   2:31   2:56 
Tanner Richard           0  0  0   0  2   0  2  0  2  0  1/4    12:51   0:07   0:00 
Tomas Kundratek          0  1  1   2  5   2  1  3  0  0  0/0    19:46   1:44   0:01 
William Nylander         1  0  1   2  0   3  2  0  2  1  5/11   16:20   1:34   0:05 

3 Stars

1 - Liam O'Brien (SAN)
2 - Connor Brickley (SAN)
3 - Bryan Rust (SAN)

Power Play

Monsters - 0 on 2 Attempt(s) - 0.00%
Rampage - 1 on 3 Attempt(s) - 33.33%

Penalty Kill

Monsters - 2 on 3 Attempt(s) - 66.67% - Score 0 goal in Penalty Kill
Rampage - 2 on 2 Attempt(s) - 100.00% - Score 0 goal in Penalty Kill

Team Stat

Monsters - Hits : 19 - Faceoff Wins : 23 - Blocked Shots : 15 - Penalty Minutes : 41
Rampage - Hits : 20 - Faceoff Wins : 20 - Blocked Shots : 7 - Penalty Minutes : 59

Official

Referees : Unknown
Linesman : Unknown

Game Notes

Christian Thomas and Mitch Callahan fight to a draw at 0:07 of 1st period
FARM GOALIE2 enters game at 9:34 of 1st period
Keaton Ellerby beats up Mitch Callahan at 11:54 of 1st period
Christian Thomas beats up Troy Rutkowski at 17:57 of 1st period
Christian Thomas beats up Troy Rutkowski at 5:45 of 2nd period
Christian Thomas ejected from game at 5:45 of 2nd period
FARM GOALIE1 enters game at 6:11 of 2nd period
Quinton Howden beats up Tomas Kundratek at 7:23 of 2nd period
Dillon Simpson beats up Blair Riley at 11:09 of 2nd period
Keaton Ellerby and Brandon Montour fight to a draw at 12:03 of 2nd period

Finance

Level 1 -- Attendance: 1451 (72.55%) -- Ticket Income $47,883
Level 2 -- Attendance: 784 (78.40%) -- Ticket Income $10,192
Total Attendance: 2235 (74.50%)
Total Ticket Income: $58,075
Other Income: $28,457
Total Income: $86,532

Monsters

5 vs 5 Forward 
   Center                   Left Wing                Right Wing               Time % Phy DF OF 
 1 Cal O'Reilly             Scott Timmins            Mitch Callahan           35     1   2  2  
 2 Jordan Weal              Quinton Howden           Steven Pinizzotto        30     1   2  2  
 3 Scott Timmins            Jeff Hoggan              Viktor Arvidsson         22     1   2  2  
 4 Chase Balisy             Blair Riley              Cal O'Reilly             13     1   2  2  

5 vs 5 Defense 
   Defense                  Defense                                           Time % Phy DF OF 
 1 Kris Fredheim            Brandon Montour                                   35     1   2  2  
 2 Matt MacKenzie           Troy Rutkowski                                    30     1   2  2  
 3 FARM PLAYER13            Kris Fredheim                                     22     1   2  2  
 4 Kris Fredheim            Brandon Montour                                   13     1   2  2  

PowerPlay Forward 
   Center                   Left Wing                Right Wing               Time % Phy DF OF 
 1 Cal O'Reilly             Scott Timmins            Mitch Callahan           60     1   2  2  
 2 Jordan Weal              Quinton Howden           Steven Pinizzotto        40     1   2  2  

PowerPlay Defense
   Defense                  Defense                                           Time % Phy DF OF 
 1 Kris Fredheim            Brandon Montour                                   60     1   2  2  
 2 Matt MacKenzie           Troy Rutkowski                                    40     1   2  2  

Penalty Kill 4 Players Forward 
   Center                   Wing                     Time % Phy DF OF 
 1 Scott Timmins            Cal O'Reilly             60     1   2  2  
 2 Mitch Callahan           Jordan Weal              40     1   2  2  

Penalty Kill 4 Players Defense
   Defense                  Defense                  Time % Phy DF OF 
 1 Kris Fredheim            Brandon Montour          60     1   2  2  
 2 Matt MacKenzie           Troy Rutkowski           40     1   2  2  

Penalty Kill - 3 Players Forward 
   Forward                                           Time % Phy DF OF 
 1 Mitch Callahan                                    60     1   2  2  
 2 Cal O'Reilly                                      40     1   2  2  

Penalty Kill - 3 Players Defense
   Defense                  Defense                  Time % Phy DF OF 
 1 Kris Fredheim            Brandon Montour          60     1   2  2  
 2 Matt MacKenzie           Troy Rutkowski           40     1   2  2  

4 vs 4 Forward 
   Center                   Wing                     Time % Phy DF OF 
 1 Scott Timmins            Cal O'Reilly             60     1   2  2  
 2 Mitch Callahan           Jordan Weal              40     1   2  2  

4 vs 4 Defense
   Defense                  Defense                  Time % Phy DF OF 
 1 Kris Fredheim            Brandon Montour          60     1   2  2  
 2 Matt MacKenzie           Troy Rutkowski           40     1   2  2  

Last Minutes Offensive
   Center                   Left Wing                Right Wing               Defense                  Defense                  
   Cal O'Reilly             Jordan Weal              Mitch Callahan           Kris Fredheim            Brandon Montour          

Last Minutes Defensive
   Center                   Left Wing                Right Wing               Defense                  Defense                  
   Cal O'Reilly             Jordan Weal              Mitch Callahan           Kris Fredheim            Brandon Montour          

Goaltenders
Starting : FARM GOALIE1             
Backup : FARM GOALIE2             

Extra Forwards
Normal : Cal O'Reilly, Scott Timmins, Jeff Hoggan - PP : Cal O'Reilly, Scott Timmins - PK : Jeff Hoggan
Extra Defensemen
Normal : FARM PLAYER13, Kris Fredheim, Matt MacKenzie - PP : FARM PLAYER13 - PK : Kris Fredheim, Matt MacKenzie
Penalty Shots
Jeff Hoggan, Cal O'Reilly, Mitch Callahan, Jordan Weal, Scott Timmins

Rampage

5 vs 5 Forward 
   Center                   Left Wing                Right Wing               Time % Phy DF OF 
 1 Daniel Briere            Liam O'Brien             Christian Thomas         35     1   2  2  
 2 William Nylander         Bryan Rust               Max Friberg              30     1   2  2  
 3 Connor Brickley          Andrew Cherniwchan       Benn Ferriero            22     1   2  2  
 4 Tanner Richard           Christian Thomas         Brett Hextall            13     1   2  2  

5 vs 5 Defense 
   Defense                  Defense                                           Time % Phy DF OF 
 1 Robert Hagg              Keaton Ellerby                                    35     1   2  2  
 2 Scott Mayfield           Tomas Kundratek                                   30     1   2  2  
 3 Morgan Ellis             Dillon Simpson                                    22     1   2  2  
 4 Tomas Kundratek          Keaton Ellerby                                    13     1   2  2  

PowerPlay Forward 
   Center                   Left Wing                Right Wing               Time % Phy DF OF 
 1 Daniel Briere            Liam O'Brien             Christian Thomas         60     1   2  2  
 2 William Nylander         Bryan Rust               Max Friberg              40     1   2  2  

PowerPlay Defense
   Defense                  Defense                                           Time % Phy DF OF 
 1 Morgan Ellis             Keaton Ellerby                                    60     1   2  2  
 2 Scott Mayfield           Tomas Kundratek                                   40     1   2  2  

Penalty Kill 4 Players Forward 
   Center                   Wing                     Time % Phy DF OF 
 1 Max Friberg              Christian Thomas         60     1   2  2  
 2 Liam O'Brien             Bryan Rust               40     1   2  2  

Penalty Kill 4 Players Defense
   Defense                  Defense                  Time % Phy DF OF 
 1 Dillon Simpson           Keaton Ellerby           60     1   2  2  
 2 Scott Mayfield           Tomas Kundratek          40     1   2  2  

Penalty Kill - 3 Players Forward 
   Forward                                           Time % Phy DF OF 
 1 Liam O'Brien                                      60     1   2  2  
 2 Christian Thomas                                  40     1   2  2  

Penalty Kill - 3 Players Defense
   Defense                  Defense                  Time % Phy DF OF 
 1 Dillon Simpson           Keaton Ellerby           60     1   2  2  
 2 Scott Mayfield           Tomas Kundratek          40     1   2  2  

4 vs 4 Forward 
   Center                   Wing                     Time % Phy DF OF 
 1 Connor Brickley          Christian Thomas         60     1   2  2  
 2 Liam O'Brien             Bryan Rust               40     1   2  2  

4 vs 4 Defense
   Defense                  Defense                  Time % Phy DF OF 
 1 Matthew Corrente         Keaton Ellerby           60     1   2  2  
 2 Scott Mayfield           Tomas Kundratek          40     1   2  2  

Last Minutes Offensive
   Center                   Left Wing                Right Wing               Defense                  Defense                  
   Daniel Briere            Liam O'Brien             Christian Thomas         Matthew Corrente         Keaton Ellerby           

Last Minutes Defensive
   Center                   Left Wing                Right Wing               Defense                  Defense                  
   Daniel Briere            Liam O'Brien             Christian Thomas         Matthew Corrente         Keaton Ellerby           

Goaltenders
Starting : Viktor Fasth             
Backup : FARM GOALIE5             

Extra Forwards
Normal : Christian Thomas, Connor Brickley, Benn Ferriero - PP : Christian Thomas, Connor Brickley - PK : Benn Ferriero
Extra Defensemen
Normal : Morgan Ellis, Dillon Simpson, Scott Mayfield - PP : Morgan Ellis - PK : Dillon Simpson, Scott Mayfield
Penalty Shots
Benn Ferriero, Christian Thomas, Liam O'Brien, Bryan Rust, Max Friberg

% Time on Ice - Monsters

Lines # - Real PCT - Wanted PCT - Time Play
Normal Forward
1 - 18% - 35% - 9:20
2 - 38% - 30% - 19:29
3 - 25% - 22% - 13:08
4 - 19% - 13% - 9:53
Normal Defense
1 - 32% - 35% - 16:49
2 - 38% - 30% - 19:40
3 - 22% - 22% - 11:29
4 - 7% - 13% - 3:52
PP Forward
1 - 60% - 60% - 2:22
2 - 40% - 40% - 1:36
PP Defense
1 - 46% - 60% - 1:50
2 - 54% - 40% - 2:08
PK Forward
1 - 99% - 60% - 4:10
2 - 1% - 40% - 0:02
PK Defense
1 - 83% - 60% - 3:30
2 - 17% - 40% - 0:42
PK3 Forward
1 - 0% - 60%
2 - 0% - 40%
PK3 Defense
1 - 0% - 60%
2 - 0% - 40%
44 Forward
1 - 0% - 60%
2 - 0% - 40%
44 Defense
1 - 0% - 60%
2 - 0% - 40%
Last Minute Offensive  - 0:00
Last Minute Defensive  - 0:00
Total
Forward - 60:00
Defense - 60:00

% Time on Ice - Rampage

Lines # - Real PCT - Wanted PCT - Time Play
Normal Forward
1 - 35% - 35% - 18:00
2 - 24% - 30% - 12:39
3 - 18% - 22% - 9:28
4 - 23% - 13% - 11:43
Normal Defense
1 - 37% - 35% - 19:09
2 - 29% - 30% - 14:53
3 - 23% - 22% - 11:53
4 - 11% - 13% - 5:55
PP Forward
1 - 63% - 60% - 2:38
2 - 37% - 40% - 1:34
PP Defense
1 - 73% - 60% - 3:04
2 - 27% - 40% - 1:08
PK Forward
1 - 93% - 60% - 3:42
2 - 7% - 40% - 0:16
PK Defense
1 - 100% - 60% - 3:57
2 - 0% - 40% - 0:01
PK3 Forward
1 - 0% - 60%
2 - 0% - 40%
PK3 Defense
1 - 0% - 60%
2 - 0% - 40%
44 Forward
1 - 0% - 60%
2 - 0% - 40%
44 Defense
1 - 0% - 60%
2 - 0% - 40%
Last Minute Offensive  - 0:00
Last Minute Defensive  - 0:00
Total
Forward - 60:00
Defense - 60:00

Play by Play

1st period


0:01 of 1st period - Scott Timmins wins face-off versus Daniel Briere in neutral zone.
0:07 of 1st period - Christian Thomas and Mitch Callahan fight to a draw.
0:07 of 1st period - Penalty to Christian Thomas for Fighting.
0:07 of 1st period - Penalty to Mitch Callahan for Fighting.
0:08 of 1st period - William Nylander wins face-off versus Jordan Weal in neutral zone.
0:59 of 1st period - Wrist shot by Andrew Cherniwchan.
0:59 of 1st period - Stopped by FARM GOALIE1 with a rebound.
1:01 of 1st period - Snap shot by Connor Brickley.
1:01 of 1st period - Goal by Connor Brickley - Monsters : 0 - Rampage : 1.
1:02 of 1st period - Cal O'Reilly wins face-off versus Daniel Briere in neutral zone.
1:05 of 1st period - Slapshot by Brandon Montour.
1:05 of 1st period - Shot Misses the Net.
1:15 of 1st period - Liam O'Brien is hit by Jeff Hoggan.
1:31 of 1st period - Snap shot by Jeff Hoggan.
1:31 of 1st period - Stopped by Viktor Fasth with a rebound.
1:41 of 1st period - Cal O'Reilly is hit by Robert Hagg and loses puck.
1:48 of 1st period - Daniel Briere is hit by Cal O'Reilly.
2:04 of 1st period - Wrist shot by Steven Pinizzotto.
2:04 of 1st period - Stopped by Viktor Fasth with a rebound.
2:16 of 1st period - Dillon Simpson is hit by Steven Pinizzotto and loses puck.
3:09 of 1st period - Wrist shot by Cal O'Reilly.
3:09 of 1st period - Stopped by Viktor Fasth with a rebound.
3:58 of 1st period - Wrist shot by Liam O'Brien.
3:58 of 1st period - Goal by Liam O'Brien - Monsters : 0 - Rampage : 2.
3:59 of 1st period - Tanner Richard wins face-off versus Jordan Weal in neutral zone.
4:22 of 1st period - Snap shot by Jordan Weal.
4:22 of 1st period - Stopped by Viktor Fasth with a rebound.
4:34 of 1st period - Brett Hextall is hit by Quinton Howden and loses puck.
5:09 of 1st period - Snap shot by William Nylander.
5:09 of 1st period - Shot Misses the Net.
5:23 of 1st period - Cal O'Reilly is hit by Dillon Simpson and loses puck.
5:43 of 1st period - Snap shot by Daniel Briere.
5:43 of 1st period - Shot Blocked by FARM PLAYER13.
5:45 of 1st period - Snap shot by Daniel Briere.
5:45 of 1st period - Goal by Daniel Briere - Monsters : 0 - Rampage : 3.
5:46 of 1st period - Scott Timmins wins face-off versus Connor Brickley in neutral zone.
5:53 of 1st period - Snap shot by Scott Timmins.
5:53 of 1st period - Shot Misses the Net.
5:55 of 1st period - Wrist shot by Scott Timmins.
5:55 of 1st period - Stopped by Viktor Fasth with a rebound.
6:01 of 1st period - Wrist shot by Viktor Arvidsson.
6:01 of 1st period - Stopped by Viktor Fasth with a rebound.
6:03 of 1st period - Snap shot by Viktor Arvidsson.
6:03 of 1st period - Shot Blocked by Tomas Kundratek.
6:05 of 1st period - Snap shot by Scott Timmins.
6:05 of 1st period - Shot Misses the Net.
6:07 of 1st period - Wrist shot by Scott Timmins.
6:07 of 1st period - Stopped by Viktor Fasth with a rebound.
6:09 of 1st period - Wrist shot by Viktor Arvidsson.
6:09 of 1st period - Shot Misses the Net.
6:48 of 1st period - Off-side.
6:49 of 1st period - Jordan Weal wins face-off versus Liam O'Brien in neutral zone.
7:04 of 1st period - Christian Thomas is hit by Jordan Weal and loses puck.
7:23 of 1st period - Morgan Ellis is hit by Mitch Callahan and loses puck.
7:32 of 1st period - Liam O'Brien is hit by Scott Timmins and loses puck.
7:53 of 1st period - Snap shot by Viktor Arvidsson.
7:53 of 1st period - Shot Misses the Net.
8:04 of 1st period - Snap shot by Tomas Kundratek.
8:04 of 1st period - Shot Misses the Net.
8:06 of 1st period - Slapshot by Bryan Rust.
8:06 of 1st period - Shot Blocked by Scott Timmins.
8:08 of 1st period - Snap shot by Max Friberg.
8:08 of 1st period - Shot Misses the Net.
8:29 of 1st period - Cal O'Reilly is hit by Tanner Richard and loses puck.
9:06 of 1st period - Jordan Weal is hit by Tomas Kundratek and loses puck.
9:34 of 1st period - Wrist shot by Bryan Rust.
9:34 of 1st period - Goal by Bryan Rust - Monsters : 0 - Rampage : 4.
9:34 of 1st period - FARM GOALIE2 enters game.
9:35 of 1st period - Chase Balisy wins face-off versus William Nylander in neutral zone.
10:10 of 1st period - Minor Penalty to Matt MacKenzie for Interference.
10:11 of 1st period - Scott Timmins wins face-off versus Daniel Briere in Monsters zone.
10:11 of 1st period - Scott Timmins is hit by Keaton Ellerby.
10:24 of 1st period - Slapshot by Morgan Ellis.
10:24 of 1st period - Goal by Morgan Ellis - Monsters : 0 - Rampage : 5.
10:25 of 1st period - Connor Brickley wins face-off versus Jordan Weal in neutral zone.
11:13 of 1st period - Wrist shot by Liam O'Brien.
11:13 of 1st period - Shot Misses the Net.
11:15 of 1st period - Slapshot by Dillon Simpson.
11:15 of 1st period - Deflect By Viktor Arvidsson.
11:15 of 1st period - Stopped by FARM GOALIE2 without a rebound.
11:16 of 1st period - Scott Timmins wins face-off versus Daniel Briere in Monsters zone.
11:35 of 1st period - Icing by Liam O'Brien.
11:36 of 1st period - Daniel Briere wins face-off versus Cal O'Reilly in Rampage zone.
11:47 of 1st period - Wrist shot by Christian Thomas.
11:47 of 1st period - Shot Blocked by Brandon Montour.
11:49 of 1st period - Snap shot by Liam O'Brien.
11:49 of 1st period - Deflect By Christian Thomas.
11:49 of 1st period - Goal by Christian Thomas - Monsters : 0 - Rampage : 6.
11:50 of 1st period - William Nylander wins face-off versus Cal O'Reilly in neutral zone.
11:54 of 1st period - Keaton Ellerby beats up Mitch Callahan.
11:54 of 1st period - Penalty to Keaton Ellerby for Fighting.
11:54 of 1st period - Penalty to Mitch Callahan for Fighting.
11:54 of 1st period - Penalty to Keaton Ellerby for instigated a fight.
11:54 of 1st period - Penalty to Keaton Ellerby for instigated a fight.
11:55 of 1st period - Max Friberg wins face-off versus Cal O'Reilly in Monsters zone.
13:46 of 1st period - Bryan Rust is hit by Troy Rutkowski and loses puck.
13:53 of 1st period - Scott Timmins is hit by Matthew Corrente and loses puck.
13:54 of 1st period - Penalty to Keaton Ellerby is over, Brett Hextall is send on ice.
14:16 of 1st period - Snap shot by Viktor Arvidsson.
14:16 of 1st period - Shot Misses the Net.
14:18 of 1st period - Snap shot by Jeff Hoggan.
14:18 of 1st period - Shot Blocked by Morgan Ellis.
14:24 of 1st period - Snap shot by Chase Balisy.
14:24 of 1st period - Stopped by Viktor Fasth with a rebound.
14:26 of 1st period - Wrist shot by Jeff Hoggan.
14:26 of 1st period - Shot Misses the Net.
14:28 of 1st period - Slapshot by Brandon Montour.
14:28 of 1st period - Shot Misses the Net.
14:30 of 1st period - Snap shot by Chase Balisy.
14:30 of 1st period - Deflect By Viktor Arvidsson.
14:30 of 1st period - Stopped by Viktor Fasth with a rebound.
14:54 of 1st period - Morgan Ellis is hit by Steven Pinizzotto and loses puck.
15:01 of 1st period - Snap shot by Steven Pinizzotto.
15:01 of 1st period - Stopped by Viktor Fasth with a rebound.
15:48 of 1st period - Snap shot by William Nylander.
15:48 of 1st period - Goal by William Nylander - Monsters : 0 - Rampage : 7.
15:49 of 1st period - Daniel Briere wins face-off versus Scott Timmins in neutral zone.
15:51 of 1st period - Off-side.
15:52 of 1st period - Scott Timmins wins face-off versus Daniel Briere in neutral zone.
16:16 of 1st period - Wrist shot by Scott Timmins.
16:16 of 1st period - Shot Blocked by Tomas Kundratek.
16:54 of 1st period - Snap shot by Steven Pinizzotto.
16:54 of 1st period - Deflect By Connor Brickley.
16:54 of 1st period - Goal by Steven Pinizzotto - Monsters : 1 - Rampage : 7.
16:55 of 1st period - Jordan Weal wins face-off versus William Nylander in neutral zone.
17:14 of 1st period - Snap shot by Bryan Rust.
17:14 of 1st period - Shot Misses the Net.
17:16 of 1st period - Slapshot by William Nylander.
17:16 of 1st period - Shot Misses the Net.
17:57 of 1st period - Christian Thomas beats up Troy Rutkowski.
17:57 of 1st period - Penalty to Christian Thomas for Fighting.
17:57 of 1st period - Penalty to Troy Rutkowski for Fighting.
17:58 of 1st period - Scott Timmins wins face-off versus Tanner Richard in Monsters zone.
19:40 of 1st period - Max Friberg is hit by Cal O'Reilly and loses puck.
19:49 of 1st period - Snap shot by Bryan Rust.
19:49 of 1st period - Stopped by FARM GOALIE2 with a rebound.
19:55 of 1st period - William Nylander is hit by Blair Riley and loses puck.
Goals for this period are 1 for Monsters vs 7 for Rampage.
Shots for this period are 11 for Monsters vs 10 for Rampage.

2nd period


0:01 of 2nd period - Cal O'Reilly wins face-off versus William Nylander in neutral zone.
1:04 of 2nd period - Andrew Cherniwchan is hit by Kris Fredheim and loses puck.
1:35 of 2nd period - Wrist shot by Viktor Arvidsson.
1:35 of 2nd period - Shot Misses the Net.
2:01 of 2nd period - Tomas Kundratek is hit by Blair Riley and loses puck.
2:16 of 2nd period - Wrist shot by Blair Riley.
2:16 of 2nd period - Shot Misses the Net.
2:18 of 2nd period - Wrist shot by Blair Riley.
2:18 of 2nd period - Shot Blocked by Morgan Ellis.
2:20 of 2nd period - Wrist shot by Blair Riley.
2:20 of 2nd period - Deflect By Chase Balisy.
2:20 of 2nd period - Shot Blocked by Tomas Kundratek.
2:20 of 2nd period - Puck is out of play.
2:21 of 2nd period - Daniel Briere wins face-off versus Jordan Weal in Rampage zone.
2:28 of 2nd period - Quinton Howden is hit by Robert Hagg and loses puck.
2:55 of 2nd period - Quinton Howden is hit by Bryan Rust and loses puck.
3:24 of 2nd period - Wrist shot by Chase Balisy.
3:24 of 2nd period - Shot Misses the Net.
4:36 of 2nd period - Icing by Benn Ferriero.
4:37 of 2nd period - Cal O'Reilly wins face-off versus Connor Brickley in Rampage zone.
4:44 of 2nd period - Mitch Callahan is hit by Andrew Cherniwchan and loses puck.
4:57 of 2nd period - Cal O'Reilly is hit by Connor Brickley and loses puck.
5:18 of 2nd period - Snap shot by Christian Thomas.
5:18 of 2nd period - Shot Blocked by Kris Fredheim.
5:20 of 2nd period - Wrist shot by Tomas Kundratek.
5:20 of 2nd period - Shot Blocked by Scott Timmins.
5:22 of 2nd period - Slapshot by Scott Mayfield.
5:22 of 2nd period - Shot Misses the Net.
5:24 of 2nd period - Slapshot by Tomas Kundratek.
5:24 of 2nd period - Stopped by FARM GOALIE2 with a rebound.
5:26 of 2nd period - Slapshot by Tomas Kundratek.
5:26 of 2nd period - Deflect By Christian Thomas.
5:26 of 2nd period - Shot Blocked by Scott Timmins.
5:26 of 2nd period - Puck is out of play.
5:27 of 2nd period - Daniel Briere wins face-off versus Jordan Weal in Monsters zone.
5:45 of 2nd period - Christian Thomas beats up Troy Rutkowski.
5:45 of 2nd period - Penalty to Christian Thomas for Fighting.
5:45 of 2nd period - Christian Thomas is ejected from game.
5:45 of 2nd period - Penalty to Troy Rutkowski for Fighting.
5:46 of 2nd period - Connor Brickley wins face-off versus Jordan Weal in Monsters zone.
5:59 of 2nd period - Snap shot by Andrew Cherniwchan.
5:59 of 2nd period - Stopped by FARM GOALIE2 with a rebound.
6:01 of 2nd period - Snap shot by Andrew Cherniwchan.
6:01 of 2nd period - Shot Blocked by Brandon Montour.
6:03 of 2nd period - Wrist shot by Andrew Cherniwchan.
6:03 of 2nd period - Shot Misses the Net.
6:05 of 2nd period - Slapshot by Tomas Kundratek.
6:05 of 2nd period - Shot Misses the Net.
6:07 of 2nd period - Slapshot by Tomas Kundratek.
6:07 of 2nd period - Stopped by FARM GOALIE2 with a rebound.
6:09 of 2nd period - Snap shot by Tomas Kundratek.
6:09 of 2nd period - Deflect By Benn Ferriero.
6:09 of 2nd period - Stopped by FARM GOALIE2 with a rebound.
6:11 of 2nd period - Wrist shot by Connor Brickley.
6:11 of 2nd period - Goal by Connor Brickley - Monsters : 1 - Rampage : 8.
6:11 of 2nd period - FARM GOALIE1 enters game.
6:12 of 2nd period - William Nylander wins face-off versus Chase Balisy in neutral zone.
6:26 of 2nd period - Wrist shot by Blair Riley.
6:26 of 2nd period - Shot Misses the Net.
6:32 of 2nd period - Slapshot by Chase Balisy.
6:32 of 2nd period - Stopped by Viktor Fasth without a rebound.
6:33 of 2nd period - Jordan Weal wins face-off versus Connor Brickley in Rampage zone.
6:38 of 2nd period - Wrist shot by Jordan Weal.
6:38 of 2nd period - Shot Misses the Net.
6:48 of 2nd period - Snap shot by Connor Brickley.
6:48 of 2nd period - Stopped by FARM GOALIE1 with a rebound.
6:50 of 2nd period - Slapshot by Robert Hagg.
6:50 of 2nd period - Stopped by FARM GOALIE1 with a rebound.
6:52 of 2nd period - Snap shot by Connor Brickley.
6:52 of 2nd period - Stopped by FARM GOALIE1 with a rebound.
6:54 of 2nd period - 10 Minutes Misconduct Penalty to Keaton Ellerby is over.
7:06 of 2nd period - Wrist shot by Connor Brickley.
7:06 of 2nd period - Stopped by FARM GOALIE1 with a rebound.
7:08 of 2nd period - Slapshot by Morgan Ellis.
7:08 of 2nd period - Stopped by FARM GOALIE1 with a rebound.
7:23 of 2nd period - Quinton Howden beats up Tomas Kundratek.
7:23 of 2nd period - Penalty to Tomas Kundratek for Fighting.
7:23 of 2nd period - Penalty to Quinton Howden for Fighting.
7:24 of 2nd period - Cal O'Reilly wins face-off versus William Nylander in Monsters zone.
7:24 of 2nd period - Cal O'Reilly is hit by Max Friberg.
7:45 of 2nd period - Bryan Rust is hit by Brandon Montour.
7:50 of 2nd period - Off-side.
7:51 of 2nd period - Daniel Briere wins face-off versus Scott Timmins in neutral zone.
7:54 of 2nd period - Backhand shot by Liam O'Brien.
7:54 of 2nd period - Shot Misses the Net.
7:56 of 2nd period - Slapshot by Keaton Ellerby.
7:56 of 2nd period - Stopped by FARM GOALIE1 without a rebound.
7:57 of 2nd period - Scott Timmins wins face-off versus Connor Brickley in Monsters zone.
8:12 of 2nd period - Snap shot by Daniel Briere.
8:12 of 2nd period - Shot Blocked by Kris Fredheim.
8:14 of 2nd period - Slapshot by Robert Hagg.
8:14 of 2nd period - Stopped by FARM GOALIE1 with a rebound.
8:16 of 2nd period - Snap shot by Connor Brickley.
8:16 of 2nd period - Stopped by FARM GOALIE1 with a rebound.
8:18 of 2nd period - Snap shot by Robert Hagg.
8:18 of 2nd period - Deflect By Liam O'Brien.
8:18 of 2nd period - Stopped by FARM GOALIE1 without a rebound.
8:19 of 2nd period - Jordan Weal wins face-off versus William Nylander in Monsters zone.
8:19 of 2nd period - Jordan Weal is hit by Max Friberg.
8:43 of 2nd period - Wrist shot by William Nylander.
8:43 of 2nd period - Shot Blocked by Jordan Weal.
8:45 of 2nd period - Wrist shot by William Nylander.
8:45 of 2nd period - Shot Blocked by Kris Fredheim.
8:49 of 2nd period - Snap shot by Bryan Rust.
8:49 of 2nd period - Shot Hit the Post.
9:15 of 2nd period - Snap shot by Tanner Richard.
9:15 of 2nd period - Shot Blocked by Kris Fredheim.
9:17 of 2nd period - Snap shot by Tanner Richard.
9:17 of 2nd period - Shot Blocked by Kris Fredheim.
9:19 of 2nd period - Slapshot by Scott Mayfield.
9:19 of 2nd period - Shot Blocked by Steven Pinizzotto.
9:21 of 2nd period - Slapshot by Morgan Ellis.
9:21 of 2nd period - Shot Misses the Net.
9:53 of 2nd period - Keaton Ellerby is hit by Kris Fredheim and loses puck.
9:59 of 2nd period - Icing by Liam O'Brien.
10:00 of 2nd period - Scott Timmins wins face-off versus Daniel Briere in Rampage zone.
10:11 of 2nd period - Daniel Briere is hit by Matt MacKenzie and loses puck.
10:46 of 2nd period - Wrist shot by Bryan Rust.
10:46 of 2nd period - Shot Misses the Net.
10:52 of 2nd period - Snap shot by William Nylander.
10:52 of 2nd period - Stopped by FARM GOALIE1 with a rebound.
11:09 of 2nd period - Dillon Simpson beats up Blair Riley.
11:09 of 2nd period - Penalty to Dillon Simpson for Fighting.
11:09 of 2nd period - Penalty to Blair Riley for Fighting.
11:10 of 2nd period - Connor Brickley wins face-off versus Scott Timmins in neutral zone.
11:58 of 2nd period - Off-side.
11:59 of 2nd period - William Nylander wins face-off versus Jordan Weal in neutral zone.
12:03 of 2nd period - Keaton Ellerby and Brandon Montour fight to a draw.
12:03 of 2nd period - Penalty to Keaton Ellerby for Fighting.
12:03 of 2nd period - Penalty to Brandon Montour for Fighting.
12:04 of 2nd period - William Nylander wins face-off versus Cal O'Reilly in Monsters zone.
12:52 of 2nd period - Off-side.
12:53 of 2nd period - Jordan Weal wins face-off versus Daniel Briere in neutral zone.
13:25 of 2nd period - Minor Penalty to Jordan Weal for Hooking.
13:26 of 2nd period - Daniel Briere wins face-off versus Cal O'Reilly in Monsters zone.
15:25 of 2nd period - Penalty to Jordan Weal is over, Jordan Weal is back on ice.
16:28 of 2nd period - Snap shot by Jordan Weal.
16:28 of 2nd period - Shot Misses the Net.
16:49 of 2nd period - Mac Bennett is hit by Dillon Simpson and loses puck.
18:46 of 2nd period - Icing by Keaton Ellerby.
18:47 of 2nd period - Jordan Weal wins face-off versus William Nylander in Rampage zone.
19:10 of 2nd period - Scott Timmins is hit by William Nylander and loses puck.
19:19 of 2nd period - Jeff Hoggan is hit by Andrew Cherniwchan and loses puck.
Goals for this period are 0 for Monsters vs 1 for Rampage.
Shots for this period are 1 for Monsters vs 15 for Rampage.

3rd period


0:01 of 3rd period - Cal O'Reilly wins face-off versus Daniel Briere in neutral zone.
0:06 of 3rd period - Snap shot by Mitch Callahan.
0:06 of 3rd period - Stopped by Viktor Fasth with a rebound.
0:08 of 3rd period - Wrist shot by Scott Timmins.
0:08 of 3rd period - Stopped by Viktor Fasth with a rebound.
0:10 of 3rd period - Slapshot by Kris Fredheim.
0:10 of 3rd period - Shot Misses the Net.
0:12 of 3rd period - Wrist shot by Cal O'Reilly.
0:12 of 3rd period - Shot Misses the Net.
0:14 of 3rd period - Snap shot by Scott Timmins.
0:14 of 3rd period - Stopped by Viktor Fasth with a rebound.
0:16 of 3rd period - Snap shot by Kris Fredheim.
0:16 of 3rd period - Deflect By Daniel Briere.
0:16 of 3rd period - Stopped by Viktor Fasth with a rebound.
0:34 of 3rd period - Slapshot by Cal O'Reilly.
0:34 of 3rd period - Stopped by Viktor Fasth with a rebound.
0:36 of 3rd period - Snap shot by Cal O'Reilly.
0:36 of 3rd period - Stopped by Viktor Fasth with a rebound.
2:06 of 3rd period - Snap shot by Chase Balisy.
2:06 of 3rd period - Stopped by Viktor Fasth with a rebound.
2:08 of 3rd period - Wrist shot by Chase Balisy.
2:08 of 3rd period - Stopped by Viktor Fasth with a rebound.
2:38 of 3rd period - William Nylander is hit by FARM PLAYER13 and loses puck.
3:03 of 3rd period - Kris Fredheim is hit by Bryan Rust and loses puck.
3:57 of 3rd period - Minor Penalty to Tanner Richard for Interference.
3:58 of 3rd period - Max Friberg wins face-off versus Cal O'Reilly in Rampage zone.
5:57 of 3rd period - Penalty to Tanner Richard is over, Tanner Richard is back on ice.
6:43 of 3rd period - Off-side.
6:44 of 3rd period - Chase Balisy wins face-off versus Tanner Richard in neutral zone.
6:55 of 3rd period - Wrist shot by Chase Balisy.
6:55 of 3rd period - Shot Blocked by Morgan Ellis.
8:14 of 3rd period - Matt MacKenzie is hit by Bryan Rust and loses puck.
8:39 of 3rd period - Tomas Kundratek is hit by Troy Rutkowski and loses puck.
9:04 of 3rd period - Slapshot by Morgan Ellis.
9:04 of 3rd period - Shot Misses the Net.
9:06 of 3rd period - Slapshot by Morgan Ellis.
9:06 of 3rd period - Stopped by FARM GOALIE1 with a rebound.
9:08 of 3rd period - Slapshot by Morgan Ellis.
9:08 of 3rd period - Deflect By Liam O'Brien.
9:08 of 3rd period - Shot Blocked by Cal O'Reilly.
9:08 of 3rd period - Puck is out of play.
9:09 of 3rd period - Daniel Briere wins face-off versus Jordan Weal in Monsters zone.
9:24 of 3rd period - Wrist shot by Jordan Weal.
9:24 of 3rd period - Shot Blocked by Morgan Ellis.
9:26 of 3rd period - Slapshot by FARM PLAYER13.
9:26 of 3rd period - Stopped by Viktor Fasth with a rebound.
10:12 of 3rd period - Cal O'Reilly is hit by Keaton Ellerby and loses puck.
10:17 of 3rd period - Snap shot by Liam O'Brien.
10:17 of 3rd period - Shot Misses the Net.
10:45 of 3rd period - Snap shot by Viktor Arvidsson.
10:45 of 3rd period - Shot Misses the Net.
10:47 of 3rd period - Snap shot by Jeff Hoggan.
10:47 of 3rd period - Deflect By Viktor Arvidsson.
10:47 of 3rd period - Shot Misses the Net.
10:47 of 3rd period - Puck is out of play.
10:48 of 3rd period - Bryan Rust wins face-off versus Viktor Arvidsson in Rampage zone.
11:01 of 3rd period - Wrist shot by Steven Pinizzotto.
11:01 of 3rd period - Deflect By William Nylander.
11:01 of 3rd period - Stopped by Viktor Fasth with a rebound.
11:29 of 3rd period - Wrist shot by Liam O'Brien.
11:29 of 3rd period - Stopped by FARM GOALIE1 with a rebound.
12:01 of 3rd period - Cal O'Reilly is hit by Tanner Richard and loses puck.
12:45 of 3rd period - Off-side.
12:46 of 3rd period - Connor Brickley wins face-off versus Chase Balisy in neutral zone.
13:20 of 3rd period - Chase Balisy is hit by William Nylander and loses puck.
14:03 of 3rd period - Snap shot by William Nylander.
14:03 of 3rd period - Shot Blocked by Steven Pinizzotto.
14:05 of 3rd period - Wrist shot by Keaton Ellerby.
14:05 of 3rd period - Deflect By Quinton Howden.
14:05 of 3rd period - Stopped by FARM GOALIE1 with a rebound.
14:13 of 3rd period - Minor Penalty to FARM PLAYER13 for Tripping.
14:14 of 3rd period - Scott Timmins wins face-off versus Daniel Briere in Monsters zone.
16:13 of 3rd period - Penalty to FARM PLAYER13 is over, FARM PLAYER13 is back on ice.
17:16 of 3rd period - Snap shot by Scott Timmins.
17:16 of 3rd period - Stopped by Viktor Fasth without a rebound.
17:17 of 3rd period - Scott Timmins wins face-off versus Tanner Richard in Rampage zone.
18:08 of 3rd period - Snap shot by Liam O'Brien.
18:08 of 3rd period - Shot Misses the Net.
18:33 of 3rd period - Liam O'Brien is hit by Viktor Arvidsson.
18:50 of 3rd period - Snap shot by William Nylander.
18:50 of 3rd period - Stopped by FARM GOALIE1 with a rebound.
Goals for this period are 0 for Monsters vs 0 for Rampage.
Shots for this period are 11 for Monsters vs 4 for Rampage.